 Dungeon Crawl Stone Soup version 0.29.1-15-g9cfb28693d (webtiles) character file.

Game seed: 1555159304068021091

448 Anandil the Conjurer (level 6, -6/41 HPs)
             Began as a Demonspawn Conjurer on Apr 24, 2023.
             Mangled by Menkaure (20 damage)
             ... on level 6 of the Dungeon.
             The game lasted 00:09:43 (5271 turns).

Anandil the Conjurer (Demonspawn Conjurer)          Turns: 5271, Time: 00:09:43

Health: -6/41      AC:  5    Str: 10    XL:     6   Next: 73%
Magic:  0/12       EV: 12    Int: 19    God:
Gold:   25         SH:  4    Dex: 11    Spells: 10/13 levels left

rFire   . . .      SeeInvis .   d - +0 dagger (elec)
rCold   . . .      Faith    .   o - +0 buckler
rNeg    . . .      Spirit   .   a - +0 robe
rPois   .          Reflect  .   (no helmet)
rElec   .          Harm     .   p - +1 cloak
rCorr   .          Rampage  .   h - +0 pair of gloves
Will    .....                   (no boots)
Stlth   ++........              (no amulet)
HPRegen 0.13/turn               (no ring)
MPRegen 0.13/turn               (no ring)

@: no status effects
A: claws 2, powered by death 1
a: no special abilities


You were on level 6 of the Dungeon.
You visited 1 branch of the dungeon, and saw 6 of its levels.

You collected 182 gold pieces.
You spent 157 gold pieces at shops.

Inventory:

Hand Weapons
 d - a +0 dagger of electrocution (weapon)
 q - a +2 dagger of venom
Missiles
 b - a throwing net
Armour
 a - a +0 robe (worn)
 h - a +0 pair of gloves (worn)
 o - a +0 buckler (worn)
 p - a +1 cloak (worn)
Scrolls
 f - a scroll of enchant weapon
 i - a scroll of poison
 k - a scroll of teleportation
 l - a scroll of amnesia
 r - a scroll of identify
Potions
 c - 2 potions of lignification
 e - a potion of brilliance
 g - a potion of attraction
 j - 2 potions of curing {unknown}
 m - a potion of cancellation {unknown}
 n - a potion of flight {unknown}


   Skills:
 - Level 3.2 Dodging
 - Level 1.7 Stealth
 + Level 2.1 Shields
 + Level 4.1 Spellcasting
 + Level 5.7 Conjurations


You had 10 spell levels left.
You knew the following spells:

 Your Spells              Type           Power      Damage    Failure   Level
a - Magic Dart            Conj           100%       1d8       1%          1
b - Searing Ray           Conj           50%        2d6       2%          2

Your spell library contained the following spells:

 Spells                   Type           Power      Damage    Failure   Level
 Dazzling Flash           Conj/Hex       28%        N/A       17%         3
 Fulminant Prism          Conj/Hex       7%         3d7       50%         4
 Iskenderun's Mystic Bla  Conj/Tloc      14%        2d5       50%         4


Dungeon Overview and Level Annotations

Branches:
Dungeon (7/15)
 Temple: D:4-7

Altars:
Nemelex Xobeh
Uskayaw
Wu Jian

Shops:
D:1 [

Annotations:
D:6 Menkaure


Innate Abilities, Weirdness & Mutations

You have very sharp fingernails.
You regenerate a little health from kills.


Message History

Aiming: Searing Ray (safe; 2% risk of failure)
Press: ? - help, Shift-Dir - straight line, f - you That beam is likely to hit you.
Continue anyway?
Okay, then.
Casting: Searing Ray (safe; 2% risk of failure)
Confirm with . or Enter, or press ? or * to list all spells.
Aiming: Searing Ray (safe; 2% risk of failure)
Press: ? - help, Shift-Dir - straight line, f - Menkaure
Aim: Menkaure (90% to hit)
The searing ray hits Menkaure.
Menkaure is lightly damaged. (Press . to maintain the ray.) Unknown command.
The searing ray hits Menkaure.
Menkaure is moderately damaged.
The searing ray hits Menkaure.
Menkaure is moderately damaged.
Menkaure hits you.
The searing ray hits Menkaure but does no damage.
Menkaure is moderately damaged.
You finish channelling your searing ray.
Casting: Searing Ray (safe; 2% risk of failure)
Confirm with . or Enter, or press ? or * to list all spells.
Aiming: Searing Ray (safe; 2% risk of failure)
Press: ? - help, Shift-Dir - straight line, f/p - Menkaure
Aim: Menkaure (moderately damaged, 90% to hit)
The searing ray hits Menkaure.
Menkaure is heavily damaged. (Press . to maintain the ray.) Menkaure hits you!
Without enough magic to sustain it, your searing ray dissipates.
Menkaure calls on the powers of darkness!
Your body is wracked with pain!
Your +2 dagger of venom stops dripping with poison.
You hear the crackle of electricity.
d - a +0 dagger of electrocution (weapon)
You hit Menkaure.
Menkaure is heavily damaged.
Menkaure hits you!!
You die...

#... #..# #######
##.###
......###....#######
...........#.......###
..........###.........
..........# ##..#####
..........# ##..##
..........# #.@.#
.........## ##M.#
.........# ##..#
........## #.#
.......## .. ......##
#.. .##.### #.# #####
#. #


You could see Menkaure.

Vanquished Creatures
  An ogre (D:3)
  A phantom (D:4)
  A hound (D:6)
  A jelly (D:6)
  A gnoll bouda (D:7)
  2 orc priests
  3 gnolls (D:7)
  3 adders
  A white imp (D:3)
  A dart slug (D:2)
  4 orcs
  5 ball pythons
  7 bats
  6 endoplasms
  6 giant cockroaches
  6 hobgoblins
  8 jackals (D:2)
  5 kobolds
  2 frilled lizards
  5 goblins
  7 rats
76 creatures vanquished.

Notes
Turn   | Place    | Note
-------+----------+-------------------------------------------
     0 | D:1      | Anandil the Demonspawn Conjurer began the quest for the
                  | Orb.
     0 | D:1      | Reached XP level 1. HP: 13/13 MP: 3/3
   734 | D:1      | Gained mutation: You have sharp fingernails. [demonic
                  | ancestry]
   734 | D:1      | Reached XP level 2. HP: 19/19 MP: 3/5
   802 | D:1      | Learned a level 2 spell: Searing Ray
   857 | D:1      | Found Juothef's Antique Armour Boutique.
  1284 | D:1      | Found a faded altar of an unknown god.
  1459 | D:2      | Gained mutation: You have very sharp fingernails. [demonic
                  | ancestry]
  1459 | D:2      | Reached XP level 3. HP: 24/24 MP: 4/6
  2470 | D:2      | Reached XP level 4. HP: 30/30 MP: 4/8
  2755 | D:3      | Noticed an ogre
  2765 | D:3      | Killed an ogre
  2766 | D:3      | Reached skill level 5 in Conjurations
  2766 | D:3      | Reached XP level 5. HP: 35/35 MP: 1/9
  3152 | D:3      | Found a hide-covered altar of Uskayaw.
  3871 | D:1      | Bought an embroidered cloak for 157 gold pieces
  3954 | D:4      | Noticed a phantom
  3968 | D:4      | Killed a phantom
  3969 | D:4      | Reached skill level 1 in Shields
  4304 | D:4      | Found a sparkling altar of Nemelex Xobeh.
  4305 | D:4      | Found an ornate altar of the Wu Jian Council.
  4358 | D:4      | You fall into a shaft and drop 3 floors!
  4446 | D:7      | Gained mutation: You regenerate a little health from kills.
                  | [demonic ancestry]
  4446 | D:7      | Reached XP level 6. HP: 41/41 MP: 5/11
  5260 | D:6      | Noticed Menkaure
  5271 | D:6      | Mangled by Menkaure

Illustrated notes

Levels and vault maps discovered:
D:1:      eino_arrival_cavern_c, layout_rooms,
          hellmonk_ecumenical_altar_zigzags, serial_shops,
          nicolae_shop_overgrown_old_shop, chequers_serial_rivers_small_b,
          minmay_pentomino_u2
D:2:      layout_loops_cross
D:3:      layout_basic, nicolae_uskayaw_murder_on_the_dancefloor
D:4:      layout_loops_ring, minitemple, nicolae_overflow_hidden_temple,
          uniq_grinder
D:6:      layout_cave_pods, cheibrodos_sewer_entry_drain, grunt_ministairs_10,
          lexackson_kobold_supper, uniq_prince_ribbit1, uniq_menkaure
D:7:      layout_basic, riverfiend_overflow_shadow_ancestor,
          trog_three_pillars_becter, general_overflow_altar,
          chequers_temple_overflow_statue_of_worship, hex_medium,
          nzn_random_ring

Skill      XL: |  1  2  3  4  5  6 |
---------------+-------------------+-----
Dodging        | 2 3 |  3.2
Spellcasting   | 3 4 |  4.1
Conjurations   | 5 |  5.7
Shields        | 1 2 |  2.1
Stealth        | |  1.7

Action                   |  1- 3 |  4- 6 || total
-------------------------+-------+-------++-------
Melee: Unarmed           |     5 |       ||     5
       Dagger            |     7 |    13 ||    20
 Cast: Magic Dart        |    75 |    51 ||   126
       Searing Ray       |     2 |    16 ||    18
  Use: Scroll            |       |     8 ||     8
       Potion            |       |     1 ||     1
Armor: Robe              |     2 |     6 ||     8
Dodge: Dodged            |    18 |    14 ||    32
Block: Buckler           |       |     4 ||     4
